 Dungeon Crawl Stone Soup version 0.26.1-11-gd32895ea62 (webtiles) character file.

Game seed: 7686098668019807789

81 Arcadio the Sneak (level 4, 0/29 HPs)
             Began as an Octopode Brigand on May 22, 2021.
             Killed from afar by Sigmund (10 damage)
             ... with a magic dart
             ... on level 3 of the Dungeon.
             The game lasted 00:03:17 (2184 turns).

Arcadio the Sneak (Octopode Brigand)                Turns: 2184, Time: 00:03:18

Health: 0/29       AC:  1    Str: 10    XL:     4   Next: 42%
Magic:  4/4        EV: 14    Int: 13    God:
Gold:   95         SH:  0    Dex: 14    Spells: 3/3 levels left

rFire    . . .     SeeInvis .   a - +2 dagger
rCold    . . .     Faith    .   (no shield)
rNeg     . . .     Spirit   .   (helmet restricted)
rPois    .         Reflect  .   (no amulet)
rElec    .         Harm     .   (no ring)
rCorr    .         Rampage  .   (no ring)
Will     .....                  (no ring)
Stlth    ++++......             (no ring)
HPRegen  0.09/turn              (no ring)
MPRegen  0.09/turn              (no ring)
                                (no ring)
                                (no ring)

@: no status effects
A: almost no armour, stealthy swim, amphibious, 8 rings, constrict 8, camouflage
1, gelatinous body 1
a: no special abilities


You were on level 3 of the Dungeon.
You visited 1 branch of the dungeon, and saw 3 of its levels.

You collected 95 gold pieces.

Inventory:

Hand Weapons
 a - a +2 dagger (weapon)
Missiles
 b - 16 poisoned darts (quivered)
 c - 2 curare-tipped darts
Scrolls
 d - a scroll of magic mapping {unknown}
 j - a scroll of enchant weapon {unknown}
 k - a scroll of amnesia
 l - a scroll of teleportation {unknown}
 n - a scroll of fear {unknown}
 p - a scroll of immolation
Potions
 e - a potion of berserk rage {unknown}
 g - a potion of curing
 h - a potion of resistance
 i - a potion of heal wounds
 m - a potion of magic {unknown}
 q - a potion of might {unknown}


   Skills:
 - Level 2.0 Fighting
 + Level 3.1 Short Blades
 - Level 2.0 Throwing
 + Level 2.3 Dodging
 + Level 6.3 Stealth


You had 3 spell levels left.
You didn't know any spells.
Your spell library was empty.

Dungeon Overview and Level Annotations

Branches:
Dungeon (3/15)

Altars:
Uskayaw

Annotations:
D:3 Sigmund


Innate Abilities, Weirdness & Mutations

You cannot wear most types of armour.
You are very stealthy in the water. (Stealth+)
You are amphibious.
You can wear up to eight rings at the same time.
You can use your tentacles to constrict eight enemies at once.
Your skin changes colour to match your surroundings (Stealth+).
Your rubbery body absorbs attacks. (AC +1, EV +1)


Message History

You release your grip on something.
Something hits you!
A puff of flame appears from out of thin air!
The puff of flame hits you!
A kobold comes into view. It is wielding a +0 short sword.
The kobold throws a stone.
The stone barely misses you.
You are confused.
The kobold throws a stone.
The stone misses you.
You bump into the rock wall.
You see here 2 stones.
You bump into the rock wall.
You bump into the rock wall.
You feel less confused.
You closely miss the kobold. You grab the kobold.
You constrict the kobold, but do no damage.
You hit the kobold.
You kill the kobold!
Something hits you.
A magic dart appears from out of thin air!
The magic dart hits you!
You die...

. #### . .. # ..)...
#.##. ##.##.##
.#....########..#...#.#
.........).{..........#.
...##..####....#......
..........##.=..##.#.. .
....####..##@.......#
...# . .##
#...#...##...##.... ..
###.....#...#..#.##...
#................#..
....#....#...#....... #
##(.##....##.##.#...# .#
.......##.......##.##..#
#.#.#....#####.........#
..#...##...#...###..####


There were no monsters in sight!

Vanquished Creatures
  2 adders (D:2)
  2 worms (D:2)
  A dart slug (D:1)
  A leopard gecko (D:1)
  An orc (D:2)
  12 bats
  2 giant cockroaches (D:1)
  5 goblins
  6 hobgoblins
  10 kobolds
  A quokka (D:3)
  4 frilled lizards (D:1)
  5 rats
52 creatures vanquished.

Notes
Turn   | Place    | Note
-------+----------+-------------------------------------------
     0 | D:1      | Arcadio the Octopode Brigand began the quest for the Orb.
     0 | D:1      | Reached XP level 1. HP: 14/14 MP: 1/1
   135 | D:1      | Reached XP level 2. HP: 19/19 MP: 2/2
   806 | D:1      | You fall into a shaft and drop 1 floor!
  1046 | D:1      | Reached XP level 3. HP: 24/24 MP: 3/3
  1390 | D:2      | Reached skill level 6 in Stealth
  1571 | D:2      | Reached XP level 4. HP: 29/29 MP: 4/4
  1899 | D:2      | Found a hide-covered altar of Uskayaw.
  2157 | D:3      | Noticed Sigmund
  2184 | D:3      | Killed from afar by Sigmund

Illustrated notes

Levels and vault maps discovered:
D:1:      lightli_arrival_statuegarden, layout_basic
D:2:      layout_basic, lemuel_crystal_altar
D:3:      layout_rooms, hangedman_decor_clover_reticule, uniq_sigmund

Skill      XL: |  1  2  3  4 |
---------------+-------------+-----
Dodging        | 2 |  2.3
Stealth        | 6 |  6.3
Short Blades   | 3 |  3.1
Fighting       | |  2.0
Throwing       | |  2.0

Action                   |  1- 3 |  4- 6 || total
-------------------------+-------+-------++-------
Melee: Dagger            |    59 |    28 ||    87
       Constrict         |    13 |     7 ||    20
       Tentacles         |     6 |     3 ||     9
  Use: Scroll            |     3 |     4 ||     7
 Stab: Sleeping          |    15 |     6 ||    21
Armor: Skin              |     7 |     4 ||    11
Dodge: Dodged            |    37 |    12 ||    49
